 Dungeon Crawl Stone Soup version bcrawl-1.15.1 (webtiles) character file.

Game seed: 2004205432726713309

2527 FMitz the Fighter (level 9, -1/109 HPs)
             Began as an Ogre Chaos Knight on Sept 25, 2019.
             Was a Plaything of Xom.
             Slain by a water moccasin (9 damage)
             ... on level 6 of the Dungeon.
             The game lasted 00:25:44 (5636 turns).

FMitz the Fighter (Ogre Chaos Knight)               Turns: 5636, Time: 00:25:45

Health: -1/109     AC:  6    Str: 20    XL:     9   Next: 54%
Magic:  10/10      EV: 11    Int: 17    God:    Xom [....*.]
Gold:   430        SH:  0    Dex:  9    Spells: 8/8 levels left

rFire    + . .     SeeInvis .   a - +0 mace (chaos)
rCold    + . .     Gourm    .   (no shield)
rNeg     . . .     Faith    .   b - +2 robe
rPois    .         Spirit   .   (helmet restricted)
rElec    .         Reflect  .   D - scarf {rC+ rF+}
rCorr    .         Harm     .   (gloves unavailable)
MR       .....                  (boots unavailable)
Stlth    ++........             u - amulet "Jyinwuq" {Regen+ Slay+2}
HPRegen  0.68/turn              (no ring)
MPRegen  0.12/turn              (no ring)

@: lethally poisoned (-1 -> -2), drained
A: large, unfitting armour, fangs 1, horns 1, rugged brown scales 1, thin
skeletal structure 1, blink, blurry vision 1, clever 2, clumsy 2, strong 1,
tough skin 1, wild magic 1
a: Blink, Renounce Religion


You were on level 6 of the Dungeon.
You worshipped Xom.
You were a beloved toy of Xom.
You were not hungry.

You visited 1 branch of the dungeon, and saw 6 of its levels.

You collected 430 gold pieces.

Inventory:

Hand Weapons
 a - a +0 mace of chaos (weapon)
 n - the +5 long sword of Equilibrium {chaos, -Tele MP-9 Int+7}
   (Xom gifted it to you on level 2 of the Dungeon)

   Each time it hits an enemy it has a different, random effect.
   It affects your intelligence (+7).
   It affects your magic capacity (-9).
   It prevents most forms of teleportation.
Missiles
 A - 775 stones (quivered)
Armour
 b - a +2 robe (worn)
 D - a scarf of resistance (worn)
Jewellery
 r - a +2 ring of intelligence {unknown}
 u - the amulet "Jyinwuq" (around neck) {Regen+ Slay+2}
   (Xom gifted it to you on level 3 of the Dungeon)

   [amulet of regeneration]

   It affects your accuracy and damage with ranged weapons and melee attacks
   (+2).
   It increases your rate of regeneration.
 w - an uncursed ring of protection from cold
 x - a +4 ring of slaying
Wands
 g - a wand of enslavement (11)
 k - a wand of flame (24)
 y - a wand of polymorph (10)
 B - a wand of disintegration (21)
Scrolls
 e - a scroll of noise {unknown}
 i - 3 scrolls of identify
 l - 2 scrolls of magic mapping {unknown}
 m - 2 scrolls of enchant weapon {unknown}
 o - 2 scrolls of fog {unknown}
 s - 2 scrolls of teleportation {unknown}
 t - a scroll of blinking {unknown}
 z - 2 scrolls of immolation {unknown}
 C - 2 scrolls of amnesia {unknown}
 F - a scroll of remove curse {unknown}
Potions
 d - a potion of magic {unknown}
 f - a potion of degeneration {unknown}
 h - a potion of heal wounds
 j - a potion of mutation {unknown}
 p - 2 potions of curing {unknown}
 q - a potion of haste {unknown}
 v - a potion of berserk rage {unknown}
Comestibles
 c - 12 rations {!d}


   Skills:
 * Level 12.0(10.7) Fighting
 + Level 5.2(4.2) Long Blades
 - Level 4.4(3.4) Maces & Flails
 - Level 1.0(0.1) Armour
 - Level 5.0(3.9) Dodging
 + Level 2.6(1.6) Evocations


You had 8 spell levels left.
You didn't know any spells.
Your spell library contained the following spells:

 Spells                   Type           Power        Failure   Level  Hunger
 Sandblast                Erth           #.....       32%         1    ##.....
 Passwall                 Tmut/Erth      #.......     43%         2    ###....
 Stone Arrow              Conj/Erth      #.....       65%         3    ####...
 Petrify                  Tmut/Erth      #.......     96%         4    #####..
 Lee's Rapid Deconstruct  Erth           #.........   100%        5    ######.


Dungeon Overview and Level Annotations

Branches:
Dungeon (6/12)             Temple (0/1) D:6

Altars:
Ru
Wu Jian
Xom
The Shining One

Annotations:
D:4 2 transporters, cirnu's ghost, novice VSCK


Innate Abilities, Weirdness & Mutations

You are too large for most types of armour.
You have tough skin. (AC +1)
You have very sharp teeth.
You have a pair of small horns on your head.
You are partially covered in rugged brown scales. (AC +1, +3% HP)
You have a somewhat thin skeletal structure. (Dex +2, Stealth)
You can translocate small distances at will.
Scrolls take you a little longer to read.
Your mind is very acute. (Int +4)
You are very clumsy. (Dex -4)
Your muscles are strong. (Str +2)
Your spells are a little harder to cast, but a little more powerful.


Message History

* * * LOW HITPOINT WARNING * * *
The bullfrog skeleton hits you!
* * * LOW HITPOINT WARNING * * *
Okay, then.
Really read with blurry vision while enemies are nearby?
Okay, then.
You hit the wight. You burn the wight. You bite the wight, but do no damage.
The wight is moderately damaged.
You feel sick. The water moccasin closely misses you.
The bullfrog skeleton hits you.
* * * LOW HITPOINT WARNING * * *
The water moccasin barely misses you. The wight closely misses you.
You feel sick.
You feel sick. The water moccasin barely misses you.
You feel sick.
You feel sick. The water moccasin barely misses you.
You feel sick. The water moccasin bites you!
You die...
Xom bursts into laughter!

..................##............
......%....######..######.#####.
#...............)................
#...........#######.######.#...#.
8:..........# #..# #..<....
.....######## ##.#######....#
.(...######### #.........)..#
8.....)......#######...##........
#............z.S@......##.....###
##......)......Z.......##........
.......................##....#.##
.............#######.........#.#
.............# #...........#
..############ #.........#.# ..
#.........#.# #.....##..# #
###....#..#


You could see a water moccasin, a wight and a bullfrog skeleton.

Vanquished Creatures
  A hippogriff (D:4)
  Eustachio (D:5)
  2 hungry ghosts
  Edmund (D:4)
  2 sky beasts
  3 ice beasts
  Purgy (D:4)
  A phantom (D:5)
  2 centaurs
  A scorpion (D:4)
  3 wights (D:6)
  3 crimson imps
  4 hounds
  An orc priest (D:4)
  A centaur skeleton (D:3)
  4 orc wizards
  Ijyb (D:4)
  2 iguanas
  4 worker ants
  A worker ant zombie (D:4)
  9 gnolls (D:2)
  7 adders
  A shadow imp (D:3)
  2 oozes (D:1)
  5 worms
  3 dart slugs
  5 leopard geckos
  11 orcs
  A ball python (D:2)
  4 bats
  3 giant cockroaches
  7 goblins
  4 hobgoblins
  8 jackals (D:1)
  2 quokkas
  A frilled lizard (D:4)
  A jackal skeleton (D:4)
  7 kobolds
  10 rats
  A bush (D:1)
131 creatures vanquished.

Vanquished Creatures (collateral kills)
  A bullfrog (D:5)
  A worker ant zombie (D:4)
2 creatures vanquished.

Vanquished Creatures (others)
  An orc priest (D:6)
1 creature vanquished.

Grand Total: 134 creatures vanquished

Notes
Turn   | Place    | Note
-------+----------+-------------------------------------------
     0 | D:1      | FMitz the Ogre Chaos Knight began the quest for the Orb.
     0 | D:1      | Reached XP level 1. HP: 24/24 MP: 1/1
    42 | D:1      | XOM: silly message
   125 | D:1      | Reached XP level 2. HP: 24/33 MP: 2/2
   331 | D:1      | Reached XP level 3. HP: 41/41 MP: 3/3
   652 | D:1      | XOM: silly message
   660 | D:1      | Reached skill level 5 in Fighting
   829 | D:1      | Found a glowing golden altar of the Shining One.
  1213 | D:1      | XOM: god gift: fluorescent wand {god gift}
  1349 | D:1      | XOM: harmless Pois miscast
  1418 | D:1      | Reached XP level 4. HP: 41/50 MP: 4/4
  1579 | D:2      | XOM: divination: magic mapping
  1635 | D:1      | XOM: give mutations
  1635 | D:1      | Gained mutation: Scrolls take you a little longer to read.
                  | [Xom's mischief]
  1635 | D:1      | Gained mutation: You have a somewhat thin skeletal
                  | structure. (Dex +2, Stealth) [Xom's mischief]
  1635 | D:1      | Gained mutation: Armour fits poorly on your strangely
                  | shaped body. [Xom's mischief]
  1635 | D:1      | Gained mutation: You are clumsy. (Dex -2) [Xom's mischief]
  1676 | D:2      | XOM: god gift: faintly glowing long sword {god gift}
  1678 | D:2      | Got a faintly glowing long sword {god gift}
  1744 | D:2      | XOM: enchant monster (bad)
  1849 | D:1      | XOM: give mutations
  1849 | D:1      | Gained mutation: Your mind is acute. (Int +2) [Xom's grace]
  1849 | D:1      | Gained mutation: Your spells are a little harder to cast,
                  | but a little more powerful. [Xom's grace]
  1849 | D:1      | Gained mutation: You have a pair of small horns on your
                  | head. [Xom's grace]
  1921 | D:2      | Reached skill level 1 in Armour
  1930 | D:2      | Reached XP level 5. HP: 40/59 MP: 5/5
  2040 | D:2      | Reached skill level 6 in Fighting
  2150 | D:1      | XOM: give mutations
  2150 | D:1      | Gained mutation: You are partially covered in rugged brown
                  | scales. (AC +1, +3% HP) [Xom's grace]
  2150 | D:1      | Gained mutation: You can translocate small distances at
                  | will. [Xom's grace]
  2150 | D:1      | Gained mutation: Your mind is very acute. (Int +4) [Xom's
                  | grace]
  2150 | D:1      | Gained mutation: You are resistant to hostile enchantments.
                  | (MR+) [Xom's grace]
  2183 | D:1      | XOM: give mutations
  2183 | D:1      | Gained mutation: You have very sharp teeth. [Xom's grace]
  2183 | D:1      | Gained mutation: Your muscles are strong. (Str +2) [Xom's
                  | grace]
  2478 | D:2      | XOM: divination: magic mapping
  2623 | D:2      | Reached skill level 1 in Long Blades
  3093 | D:3      | XOM: fog
  3103 | D:3      | Reached XP level 6. HP: 44/70 MP: 6/6
  3214 | D:3      | Noticed an ice beast
  3214 | D:3      | XOM: divination: detect creatures
  3239 | D:3      | Killed an ice beast
  3239 | D:3      | Reached skill level 7 in Fighting
  3376 | D:3      | XOM: god gift: flickering bone amulet {god gift}
  3377 | D:3      | Got a flickering bone amulet {god gift}
  3378 | D:3      | Identified the amulet "Jyinwuq" {Regen+ Slay+2} (Xom gifted
                  | it to you on level 3 of the Dungeon)
  3407 | D:3      | XOM: harmless Tmut miscast
  3470 | D:4      | Noticed an ice beast
  3512 | D:4      | Killed an ice beast
  3512 | D:4      | Reached XP level 7. HP: 26/81 MP: 7/7
  3595 | D:4      | XOM: harmless Erth miscast
  3604 | D:4      | Reached skill level 8 in Fighting
  3605 | D:4      | Noticed a hippogriff
  3623 | D:4      | Killed a hippogriff
  3650 | D:4      | Noticed Ijyb
  3661 | D:4      | Killed Ijyb
  3803 | D:4      | XOM: god gift: 154 stones
  3854 | D:4      | Reached skill level 9 in Fighting
  3867 | D:4      | Noticed Edmund
  3892 | D:4      | Killed Edmund
  3892 | D:4      | Reached XP level 8. HP: 73/94 MP: 8/8
  3937 | D:4      | XOM: confuse monster(s)
  3964 | D:4      | XOM: cast spell 'Summon Ice Beast'
  4036 | D:4      | Noticed Purgy
  4043 | D:4      | Killed Purgy
  4072 | D:4      | Found a transporter.
  4077 | D:4      | Identified the +5 long sword of Equilibrium {chaos, -Tele
                  | MP-9 Int+7} (Xom gifted it to you on level 2 of the
                  | Dungeon)
  4089 | D:4      | Found a transporter.
  4089 | D:4      | Noticed cirnu's ghost (novice VSCK)
  4124 | D:4      | XOM: summons friendly quasit
  4184 | D:4      | XOM: polymorph quasit -> iron imp
  4233 | D:4      | Found an ornate altar of the Wu Jian Council.
  4310 | D:4      | Reached skill level 10 in Fighting
  4325 | D:4      | XOM: cleaving
  4390 | D:4      | XOM: harmless Tmut miscast
  4484 | D:4      | Found a sacrificial altar of Ru.
  4500 | D:5      | Entered Level 5 of the Dungeon
  4533 | D:5      | Reached skill level 5 in Dodging
  4542 | D:5      | XOM: give mutations
  4542 | D:5      | Gained mutation: You are very clumsy. (Dex -4) [Xom's
                  | mischief]
  4542 | D:5      | Lost mutation: You are resistant to hostile enchantments.
                  | (MR+) [Xom's mischief]
  4542 | D:5      | Lost mutation: Armour fits poorly on your strangely shaped
                  | body. [Xom's mischief]
  4556 | D:5      | XOM: scenery: create altars
  4758 | D:5      | XOM: summons friendly iron imp
  4772 | D:5      | Reached skill level 1 in Evocations
  4772 | D:5      | Reached XP level 9. HP: 87/105 MP: 9/9
  4829 | D:5      | Reached skill level 11 in Fighting
  4879 | D:5      | XOM: harmless Tloc miscast
  4897 | D:5      | Noticed Eustachio
  4924 | D:5      | XOM: swap monsters
  4945 | D:5      | Killed Eustachio
  5227 | D:5      | XOM: mild Erth miscast
  5373 | D:6      | XOM: confuse monster(s)
  5376 | D:6      | Reached skill level 5 in Long Blades
  5497 | D:6      | XOM: medium Conj miscast
  5511 | D:6      | Found a staircase to the Ecumenical Temple.
  5606 | D:6      | XOM: confusion
  5615 | D:6      | XOM: smoke on damage
  5617 | D:6      | Reached skill level 12 in Fighting
  5636 | D:6      | Slain by a water moccasin

Skill      XL: |  1  2  3  4  5  6  7  8  9 |
---------------+----------------------------+-----
Maces & Flails | 4 |  4.4
Fighting       | 5 6 7 9 10 12 | 12.0
Armour         | 1 |  1.0
Long Blades    | 1 2 3 4 5 |  5.2
Dodging        | 3 4 5 |  5.0
Evocations     | 1 2 |  2.6

Action                   |  1- 3 |  4- 6 |  7- 9 || total
-------------------------+-------+-------+-------++-------
Melee: Mace              |   136 |   156 |   232 ||   524
       Headbutt          |       |    22 |    41 ||    63
       Bite              |       |     8 |    31 ||    39
Evoke: Wand              |       |       |     1 ||     1
  Use: Scroll            |       |       |     2 ||     2
       Potion            |       |       |     1 ||     1
 Stab: Paralysed         |     1 |     2 |       ||     3
       Sleeping          |       |     5 |     3 ||     8
  Eat: Chunk             |     2 |     7 |     8 ||    17
       Ration            |       |       |     1 ||     1
Armor: Robe              |    54 |    56 |    92 ||   202
Dodge: Dodged            |    48 |    92 |   167 ||   307
